 Dungeon Crawl Stone Soup version 0.29-a0-275-g389c0b56f3 (webtiles) character file.

Game seed: 5368407022604636065

168 HotDog the Covered (level 5, -3/46 HPs)
             Began as a Minotaur Fighter on Mar 10, 2022.
             Slain by a mummy (10 damage)
             ... in an ossuary.
             The game lasted 00:03:43 (2621 turns).

HotDog the Covered (Minotaur Fighter)               Turns: 2621, Time: 00:03:44

Health: -3/46      AC:  8    Str: 22    XL:     5   Next: 24%
Magic:  5/5        EV:  9    Int:  5    God:
Gold:   189        SH:  4    Dex: 10    Spells: 4/4 levels left

rFire   . . .      SeeInvis .   a - +0 long sword
rCold   . . .      Faith    .   c - +0 buckler
rNeg    . . .      Spirit   .   b - +0 scale mail
rPois   .          Reflect  .   (helmet restricted)
rElec   .          Harm     .   f - +0 cloak
rCorr   .          Rampage  .   (no gloves)
Will    .....                   (no boots)
Stlth   ..........              (no amulet)
HPRegen 0.15/turn               (no ring)
MPRegen 0.09/turn               (no ring)

@: no status effects
A: horns 2, retaliatory headbutt
a: no special abilities


You were in an ossuary.
You visited 1 branch of the dungeon, and saw 4 of its levels.
You also visited: Ossuary.

You collected 189 gold pieces.

Inventory:

Hand Weapons
 a - a +0 long sword (weapon)
Armour
 b - a +0 scale mail (worn)
 c - a +0 buckler (worn)
 f - a +0 cloak (worn)
Scrolls
 l - a scroll of teleportation
 o - a scroll of fear
 p - a scroll of holy word
Potions
 d - a potion of might
 e - a potion of curing
 g - a potion of haste {unknown}
 h - a potion of mutation {unknown}
 i - a potion of brilliance {unknown}
 j - a potion of lignification {unknown}
 k - a potion of heal wounds {unknown}
 m - a potion of resistance {unknown}


   Skills:
 * Level 4.2 Fighting
 * Level 4.3 Long Blades
 * Level 4.4 Armour
 * Level 1.2 Dodging
 * Level 4.2 Shields
 * Level 1.6 Invocations


You had 4 spell levels left.
You didn't know any spells.
Your spell library was empty.

Dungeon Overview and Level Annotations

Branches:
Dungeon (4/15)            Ossuary (1/1)
 Temple: D:4-7

Altars:
Kikubaaqudgha

Annotations:
D:3 Grinder


Innate Abilities, Weirdness & Mutations

You have a pair of horns on your head.
You reflexively headbutt those who attack you in melee.


Message History

You are too injured to fight recklessly!
You are too injured to fight recklessly!
You are too injured to fight recklessly!
You are too injured to fight recklessly!
You are too injured to fight recklessly!
You are too injured to fight recklessly!
You are too injured to fight recklessly!
You are too injured to fight recklessly!
You are too injured to fight recklessly!
Unknown command.
You slash the mummy!
You destroy the mummy!
You block the hobgoblin zombie's attack.
The mummy hits you but does no damage.
The hobgoblin zombie hits you but does no damage.
The mummy hits you!
* * * LOW HITPOINT WARNING * * *
The mummy attacks as you move away! You block the mummy's attack.
The hobgoblin zombie hits you but does no damage.
The hobgoblin zombie hits you but does no damage.
The mummy hits you but does no damage.
Unknown command.
There are monsters nearby!
You hit the mummy. Your headbutt misses the mummy.
The mummy is moderately damaged.
You hit the mummy.
The mummy is severely damaged.
You block the mummy's attack. The hobgoblin zombie barely misses you.
The hobgoblin zombie attacks as you move away!
The hobgoblin zombie hits you but does no damage.
You slash the hobgoblin zombie!
Your headbutt misses the hobgoblin zombie.
The hobgoblin zombie is almost destroyed.
The mummy attacks as you move away! The mummy hits you!
* * * LOW HITPOINT WARNING * * *
You hit the mummy.
The mummy is severely damaged.
The mummy closely misses you. The mummy hits you!
You die...

#........#
##......##
##....##
#....#
#....#
#....#
#....#
#.MM.#
#.Z@.#
#....#
#.∩∩.#
######


You could see 2 mummies and a hobgoblin zombie.

Vanquished Creatures
  A hound (D:3)
  3 mummies (Ossuary)
  2 adders (D:2)
  3 worms (D:2)
  4 dart slugs
  3 orcs
  6 ball pythons
  6 bats
  4 endoplasms
  2 giant cockroaches (D:2)
  A gnoll zombie (Ossuary)
  3 goblins
  3 hobgoblins (D:1)
  A jackal (D:4)
  3 quokkas
  4 frilled lizards
  2 hobgoblin zombies (Ossuary)
  4 kobolds (D:1)
  2 kobold zombies (Ossuary)
  2 orc zombies (Ossuary)
  3 rats
62 creatures vanquished.

Vanquished Creatures (others)
  4 plants (D:3)
4 creatures vanquished.

Grand Total: 66 creatures vanquished

Notes
Turn   | Place    | Note
-------+----------+-------------------------------------------
     0 | D:1      | HotDog the Minotaur Fighter began the quest for the Orb.
     0 | D:1      | Reached XP level 1. HP: 19/19 MP: 0/0
   115 | D:1      | Found a faded altar of an unknown god.
   232 | D:1      | Reached XP level 2. HP: 22/27 MP: 1/1
   908 | D:2      | Reached XP level 3. HP: 33/33 MP: 2/2
  1052 | D:2      | Reached skill level 1 in Invocations
  1356 | D:2      | Reached XP level 4. HP: 39/40 MP: 3/3
  1826 | D:3      | Noticed Grinder
  1903 | D:3      | Reached skill level 1 in Dodging
  2266 | D:4      | Found a sand-covered staircase.
  2279 | D:4      | Found an ancient bone altar of Kikubaaqudgha.
  2286 | Ossuary  | Entered an ossuary
  2311 | Ossuary  | Reached XP level 5. HP: 19/46 MP: 5/5
  2621 | Ossuary  | Slain by a mummy

Illustrated notes

Levels and vault maps discovered:
D:1:      scummos_arrival_forest, layout_loops_cross,
          chequers_ecumenical_altar_island
D:2:      layout_basic, minmay_between
D:3:      layout_loops_ring, gammafunk_temple_overflow_forgotten,
          yredelemnul_forgotten_temple_becter, minitemple, uniq_grinder,
          uniq_jessica
D:4:      layout_basic, nicolae_kikubaaqudgha_miasma_corner,
          nicolae_ossuary_entry_monument, due_unseen_surprise
Ossuary:  ossuary_tomb_3

Skill      XL: |  1  2  3  4 |
---------------+-------------+-----
Armour         | 4 |  4.4
Fighting       | 4 |  4.2
Shields        | 4 |  4.2
Long Blades    | 3 4 |  4.3
Invocations    | 1 |  1.6
Dodging        | 1 |  1.2

Action                   |  1- 3 |  4- 6 || total
-------------------------+-------+-------++-------
Melee: Long sword        |    96 |    71 ||   167
       Headbutt          |    10 |     9 ||    19
  Use: Scroll            |       |     6 ||     6
       Potion            |       |     2 ||     2
Armor: Scale mail        |    44 |    54 ||    98
Dodge: Dodged            |    41 |    60 ||   101
Block: Buckler           |    21 |    22 ||    43

Table legend: (Time is in decaauts)
 A = Elapsed time spent in this place.
 B = Non-inter-level travel time spent in this place.
 C = Inter-level travel time spent in this place.
 D = Time resting spent in this place.
 E = Time spent auto-exploring this place.
 F = Levels seen in this place.
 G = Mean time per level.
                   A        B        C        D        E       F      G
               +--------+--------+--------+--------+--------+-----+--------+
         Total |   2671 |   2527 |    144 |    316 |   1535 |   5 |  534.2 |
       Dungeon |   2328 |   2184 |    144 |     44 |   1533 |   4 |  582.0 |
       Ossuary |    343 |    343 |      0 |    272 |      2 |   1 |  343.0 |
               +--------+--------+--------+--------+--------+-----+--------+

Top non-repeatable levels by time:
     D:2: 981 daAuts
     D:1: 908 daAuts
 Ossuary: 343 daAuts
     D:4: 235 daAuts
     D:3: 201 daAuts
